 Dungeon Crawl Stone Soup version 0.26-a0-597-gb535b0901c (webtiles) character file.

Game seed: 13176999787211649434

464 Ge0ff the Poker (level 6, -15/51 HPs)
             Began as a Draconian Abyssal Knight on Aug 26, 2020.
             Was a Believer of Lugonu.
             Demolished by an ogre
             ... wielding a +0 giant spiked club
              (27 damage)
             ... on level 5 of the Dungeon.
             The game lasted 00:04:54 (5051 turns).

Ge0ff the Poker (Draconian Abyssal Knight)          Turns: 5051, Time: 00:04:54

Health: -15/51     AC:  6    Str: 15    XL:     6   Next: 80%
Magic:  7/7        EV: 12    Int: 12    God:    Lugonu [**....]
Gold:   249        SH:  0    Dex: 12    Spells: 5/5 levels left

rFire    . . .     SeeInvis .   a - +0 trident
rCold    . . .     Faith    .   (no shield)
rNeg     . . .     Spirit   .   (armour unavailable)
rPois    .         Reflect  .   (helmet restricted)
rElec    .         Harm     .   (no cloak)
rCorr    .                      (no gloves)
MR       .....                  (no boots)
Stlth    +.........             (no amulet)
HPRegen  0.17/turn              (no ring)
MPRegen  0.10/turn              (no ring)

@: no status effects
A: unfitting armour, cold-blooded, AC +6
a: Depart the Abyss, Bend Space, Renounce Religion


You were on level 5 of the Dungeon.
You worshipped Lugonu.
Lugonu was pleased with you.
You visited 1 branch of the dungeon, and saw 5 of its levels.
You visited the Abyss 1 time.

You collected 249 gold pieces.

Inventory:

Hand Weapons
 a - a +0 trident (weapon)
 X - a +1 spear
Missiles
 b - 77 stones (quivered)
 f - 55 sling bullets
 V - 9 poisoned darts
 Y - 5 boomerangs
Wands
 P - a wand of polymorph (3)
Scrolls
 e - 3 scrolls of enchant armour {unknown}
 i - a scroll of identify
 j - 2 scrolls of blinking {unknown}
 k - 3 scrolls of fog {unknown}
 l - 2 scrolls of amnesia {unknown}
 m - 4 scrolls of magic mapping
 n - a scroll of enchant weapon {unknown}
 p - 2 scrolls of remove curse {unknown}
 T - 6 scrolls of teleportation
 W - a scroll of fear {unknown}
Potions
 d - a potion of ambrosia {unknown}
 q - a potion of curing
 M - 2 potions of might
 U - a potion of brilliance {unknown}
 Z - a potion of stabbing


   Skills:
 - Level 3.2 Fighting
 * Level 7.4 Polearms
 - Level 2.1 Dodging
 - Level 2.0 Invocations


You had 5 spell levels left.
You didn't know any spells.
Your spell library was empty.

Dungeon Overview and Level Annotations

Branches:
Dungeon (5/15)             Temple (0/1) D:4

Altars:
Cheibriados
Fedhas
Gozag
Hepliaklqana
Okawaru

Annotations:
D:4 3 runed translucent doors, Ge0ff's ghost, novice DrAK


Innate Abilities, Weirdness & Mutations

Your plain brown scales are hard. (AC +6)
You cannot fit into any form of body armour.
You are cold-blooded and may be slowed by cold attacks.


Message History

Partly explored, can't reach some items.
There is a stone staircase leading down here.
You climb downwards.
The ogre hits you with a +0 giant spiked club!
There is a stone staircase leading up here.
You hit the ogre.
The ogre is lightly wounded.
The ogre hits you with a +0 giant spiked club!
You puncture the ogre!
The ogre is moderately wounded.
The ogre hits you with a +0 giant spiked club!
* * * LOW HITPOINT WARNING * * *
You barely miss the ogre.
The ogre is moderately wounded.
You hit the ogre.
You tail-slap the ogre, but do no damage.
The ogre is heavily wounded.
The ogre hits you with a +0 giant spiked club!!
Ouch! That really hurt!
You die...

#..
#..###
.....##
##.......
#........
#........
#O.......
#@.>.....
#........
#...(((.#
#......##
#.....##
#....##
#.####
#.#


You could see an ogre.

Vanquished Creatures
  2 ogres (D:4)
  A hound (D:4)
  An iguana (D:3)
  2 worker ants
  A hound skeleton (D:4)
  8 adders
  4 dart slugs
  5 leopard geckos
  10 orcs
  9 bats
  3 giant cockroaches
  2 goblins (D:1)
  6 hobgoblins
  4 jackals (D:3)
  9 kobolds
  2 quokkas (D:3)
  2 ball pythons
  A ball python skeleton (D:4)
  7 frilled lizards
  7 rats
86 creatures vanquished.

Notes
Turn   | Place    | Note
-------+----------+-------------------------------------------
     0 | Abyss:1  | Ge0ff the Draconian Abyssal Knight began the quest for the
                  | Orb.
     0 | Abyss:1  | Reached XP level 1. HP: 19/19 MP: 2/2
    58 | Abyss:1  | Noticed a large abomination
    58 | Abyss:1  | Noticed a green very ugly thing
    61 | D:1      | Escaped the Abyss
   597 | D:1      | Reached XP level 2. HP: 26/26 MP: 3/3
   728 | D:1      | Reached skill level 3 in Polearms
   799 | D:1      | Reached * piety under Lugonu
  1190 | D:1      | Reached XP level 3. HP: 30/31 MP: 4/4
  1558 | D:2      | Reached skill level 4 in Polearms
  1944 | D:2      | Found an iron altar of Okawaru.
  1944 | D:2      | Found a blossoming altar of Fedhas.
  1947 | D:2      | Found a snail-covered altar of Cheibriados.
  1948 | D:2      | Found an opulent altar of Gozag.
  2268 | D:3      | Reached XP level 4. HP: 34/38 MP: 5/5
  2626 | D:3      | Reached ** piety under Lugonu
  2942 | D:3      | Reached skill level 5 in Polearms
  3138 | D:3      | Reached XP level 5. HP: 27/45 MP: 6/6
  4006 | D:4      | Found a staircase to the Ecumenical Temple.
  4028 | D:4      | Noticed Ge0ff's ghost (novice DrAK)
  4039 | D:4      | Found a runed translucent gate.
  4039 | D:4      | Found a runed translucent gate.
  4043 | D:4      | Found a runed translucent gate.
  4058 | D:4      | Reached skill level 6 in Polearms
  4420 | D:4      | Reached XP level 6. HP: 39/51 MP: 7/7
  4773 | D:4      | Reached skill level 7 in Polearms
  4789 | D:4      | Found a hazy altar of Hepliaklqana.
  5004 | D:5      | Entered Level 5 of the Dungeon
  5051 | D:5      | Demolished by an ogre

Illustrated notes

Levels and vault maps discovered:
D:1:      saegor_arrival_miasma, layout_basic, kennysheep_flooded_box,
          nrook_loot_triangle
D:2:      layout_basic, minitemple
D:3:      minmay_spotlight, layout_rooms
D:4:      layout_cave_pods, kennysheep_mini, minmay_temple_entry_sparse_star,
          gammafunk_ghost_split
D:5:      layout_cave_pods, serial_shops, shop_statue,
          kennysheep_generic_room_15

Skill      XL: |  1  2  3  4  5  6 |
---------------+-------------------+-----
Polearms       | 3 4 5 6 7 |  7.4
Fighting       | |  3.2
Dodging        | |  2.1
Invocations    | |  2.0

Action                   |  1- 3 |  4- 6 || total
-------------------------+-------+-------++-------
Melee: Spear             |   109 |    12 ||   121
       Tailslap          |     9 |    20 ||    29
       Trident           |       |   186 ||   186
Throw: Stone             |    54 |    88 ||   142
Invok: Depart the Abyss  |     1 |       ||     1
  Use: Potion            |     1 |     1 ||     2
       Scroll            |       |     6 ||     6
 Stab: Sleeping          |     2 |       ||     2
Armor: Skin              |    27 |    43 ||    70
Dodge: Dodged            |    43 |   121 ||   164

Table legend: (Time is in decaauts)
 A = Elapsed time spent in this place.
 B = Non-inter-level travel time spent in this place.
 C = Inter-level travel time spent in this place.
 D = Time resting spent in this place.
 E = Time spent auto-exploring this place.
 F = Levels seen in this place.
 G = Mean time per level.
                   A        B        C        D        E       F      G
               +--------+--------+--------+--------+--------+-----+--------+
         Total |   5062 |   4912 |    150 |      0 |   3980 |   6 |  843.7 |
       Dungeon |   5001 |   4851 |    150 |      0 |   3980 |   5 | 1000.2 |
         Abyss |     61 |     61 |      0 |      0 |      0 |   1 |   61.0 |
               +--------+--------+--------+--------+--------+-----+--------+

Top non-repeatable levels by time:
     D:3: 1482 daAuts
     D:1: 1249 daAuts
     D:2: 1198 daAuts
     D:4: 1060 daAuts
 Abyss:1: 61 daAuts
     D:5: 10 daAuts
